 Dungeon Crawl Stone Soup version 0.17-a0-1479-g4041c36 (webtiles) character file.

104 pulse the Chopper (level 5, -3/41 HPs)
             Began as a Formicid Berserker on July 3, 2015.
             Was a Believer of Trog.
             Slain by an adder (4 damage)
             ... on level 2 of the Dungeon.
             The game lasted 00:02:57 (2537 turns).

pulse the Chopper (Formicid Berserker)              Turns: 2537, Time: 00:02:57

Health: -3/41      AC:  5    Str: 22    XL:     5   Next: 7%
Magic:  5/5        EV: 11    Int:  7    God:    Trog [**....]
Gold:   83         SH:  0    Dex: 10    Spells: 0 memorised, 4 levels left

rFire  . . .     SeeInvis +     e - -3 whip (curse)
rCold  . . .     Clarity  .     b - +0 ring mail (curse)
rNeg   . . .     SustAt   .     (no shield)
rPois  .         Gourm    .     (helmet unavailable)
rElec  .         Spirit   .     (no cloak)
rCorr  .         Warding  .     (no gloves)
rMut   .         Stasis   +     (no boots)
MR     .....                    (no amulet)
Stlth  ..........               (no ring)
                                (no ring)

@: lethally poisoned (-3 -> -4), not resistant to hostile enchantments,
extremely unstealthy
A: permanent stasis, dig shafts and tunnels, four strong arms, antennae 3
a: Dig, Shaft Self, Burn Spellbooks, Trog's Hand, Renounce Religion


You were on level 2 of the Dungeon.
You worshipped Trog.
Trog was pleased with you.
You were not hungry.

You visited 1 branch of the dungeon, and saw 2 of its levels.

You collected 83 gold pieces.

Inventory:

Hand weapons
 a - a +0 hand axe
 e - a cursed -3 whip (weapon)
Armour
 b - a cursed +0 ring mail (worn)
Scrolls
 d - a scroll of enchant weapon {unknown}
Potions
 g - a potion of curing {unknown}
Comestibles
 c - 2 bread rations
 f - 2 meat rations
 h - 5 fruits


   Skills:
 - Level 3.2 Fighting
 * Level 5.0 Axes
 + Level 3.0 Armour
 - Level 1.7 Dodging


You had 4 spell levels left.
You didn't know any spells.

Dungeon Overview and Level Annotations

Branches:
Dungeon (2/15)

Altars:


Innate Abilities, Weirdness & Mutations

You are under a permanent stasis effect.
You can dig through walls and to a lower floor.
Your four strong arms can wield two-handed weapons with a shield.
You have a pair of large antennae on your head (SInv).


Message History

The adder misses you. The adder bites you but does no damage.
You hit the adder.
The adder is heavily wounded.
You feel sick. The adder misses you.
You hit the adder.
The adder is severely wounded.
The adder bites you.
* * * LOW HITPOINT WARNING * * *
You miss the adder.
The adder is severely wounded.
The adder bites you but does no damage.
You barely miss the adder.
The adder is severely wounded.
The adder barely misses you. The adder bites you.
* * * LOW HITPOINT WARNING * * *
You hit the adder but do no damage.
The adder is severely wounded.
* * * LOW HITPOINT WARNING * * *
You feel sick. The adder bites you.
You die...

#......♣♣ ♣♣ #.......♣♣♣
♣♣♣♣.
######.#♣♣♣♣♣..♣♣♣....
#...##.# ♣♣♣....♣♣♣
#...##.# ♣♣♣♣♣♣ ###
#...##.# ### #.# #...##..
#.#####
##.###...####.#.....#######
#.........@S..#.....)..(.(.
##.############.###########
#..#............# #
##.#.#########..# # #.#.#
#..# # #.#.# #..# # #.#.#
#..# # #.#.# #..# # #.#.#
#..# #


You could see an adder.

Vanquished Creatures
  Ijyb (D:2)
  A gnoll (D:1)
  2 adders (D:2)
  An ooze (D:1)
  2 giant geckos (D:2)
  A giant cockroach (D:2)
  4 hobgoblins
  2 kobolds (D:2)
  A ball python (D:1)
  12 bats
  6 giant newts
  A goblin (D:1)
  7 jackals (D:1)
  A rat (D:1)
42 creatures vanquished.

Notes
Turn   | Place    | Note
--------------------------------------------------------------
     0 | D:1      | pulse the Formicid Berserker began the quest for the Orb.
     0 | D:1      | Reached XP level 1. HP: 18/18 MP: 1/1
   274 | D:1      | Reached XP level 2. HP: 17/24 MP: 2/2
   633 | D:1      | Reached XP level 3. HP: 21/29 MP: 3/3
   778 | D:1      | Reached skill level 4 in Axes
  1296 | D:2      | Noticed Ijyb
  1302 | D:2      | Acquired Trog's second power
  1311 | D:2      | Killed Ijyb
  1311 | D:2      | Reached XP level 4. HP: 25/35 MP: 4/4
  1847 | D:2      | Reached skill level 5 in Axes
  1847 | D:2      | Reached XP level 5. HP: 2/41 MP: 5/5
  1847 | D:2      | HP: 1/41 [poisoned by an adder]
  1872 | D:2      | HP: 2/41 [poisoned by an adder]
  2536 | D:2      | HP: 2/41 [adder (1)]
  2537 | D:2      | Slain by an adder

Vault maps used:
D:1:      saegor_arrival_simple_d
D:2:      forest_paths, uniq_iyjb

Action                   |  1- 3 |  4- 6 || total
-------------------------+-------+-------++-------
Melee: Hand axe          |    88 |    52 ||   140
       Whip              |       |    88 ||    88
Invok: Trog's Hand       |       |     1 ||     1
  Use: Scroll            |     1 |     3 ||     4
       Potion            |       |     3 ||     3
 Stab: Invisible         |       |     2 ||     2
  Eat: Fruit             |       |     3 ||     3
       Chunk             |       |     1 ||     1
       Bread ration      |       |     1 ||     1
       Pizza             |       |     1 ||     1
